 Dungeon Crawl Stone Soup version 0.31-a0-1082-g7d1fb776a8 (webtiles) character file.

Game seed: 13988094956317296433

21288 Armakuni the Basher (level 13, -11/91 HPs)
             Began as a Human Reaver on Nov 27, 2023.
             Was a Priest of Ru.
             Shot with a bolt by a yaktaur (19 damage)
             ... on level 13 of the Dungeon.
             The game lasted 00:56:41 (15597 turns).

Armakuni the Basher (Human Reaver)                 Turns: 15597, Time: 00:56:42

Health: -11/91     AC:  8    Str: 15    XL:     13   Next: 18%
Magic:  16/16      EV: 27    Int: 24    God:    Ru [***...]
Gold:   813        SH:  0    Dex: 12    Spells: 13/16 levels left

rFire   . . .        a - +6 eveningstar (drain)
rCold   . . .        (shield unavailable)
rNeg    . . .        t - +0 troll leather armour
rPois   .            n - +0 helmet
rElec   .            d - +2 cloak
rCorr   .            (no gloves)
SInv    .            F - +0 pair of boots
Will    .....        A - amulet of the acrobat
Stlth   ++           (ring unavailable)
HPRegen 1.15/turn    I - +6 ring of intelligence
MPRegen 0.15/turn

%: acrobat
@: acrobatic
A: missing a hand, camouflage 1, clever 1
a: Renounce Religion, Sacrifice Arcana, Sacrifice Purity, Sacrifice Nimbleness,
Reject Sacrifices, Draw Out Power


You were on level 13 of the Dungeon.
You worshipped Ru.
Ru was most pleased with you.
You visited 2 branches of the dungeon, and saw 14 of its levels.
You also visited: Sewer and Bailey.

You collected 911 gold pieces.
You spent 98 gold pieces at shops.

Inventory:

Hand Weapons
 a - a +6 eveningstar of draining (weapon)
Missiles
 s - 5 curare-tipped darts (quivered)
Armour
 d - a +2 cloak (worn)
 n - a +0 helmet (worn)
 t - a +0 troll leather armour (worn)
 F - a +0 pair of boots (worn)
Jewellery
 A - an amulet of the acrobat (around neck)
 E - an amulet of magic regeneration
 I - a +6 ring of intelligence (right hand)
Wands
 f - a wand of mindburst (4)
 k - a wand of digging (5)
 p - a wand of polymorph (10)
 r - a wand of roots (2)
 v - a wand of flame (13)
Scrolls
 e - a scroll of vulnerability
 i - 2 scrolls of noise
 j - 4 scrolls of revelation
 y - 2 scrolls of teleportation
 B - 3 scrolls of enchant armour
 C - 4 scrolls of summoning
 D - 2 scrolls of poison
 G - a scroll of torment
 H - a scroll of brand weapon {unknown}
Potions
 b - a potion of might
 c - 3 potions of haste
 g - 2 potions of brilliance {unknown}
 h - 2 potions of enlightenment
 l - 2 potions of attraction {unknown}
 m - 2 potions of degeneration {unknown}
 o - 3 potions of lignification {unknown}
 q - 2 potions of magic
 u - a potion of experience {unknown}
 w - 4 potions of heal wounds {unknown}
 x - 3 potions of mutation
 z - a potion of resistance


   Skills:
 - Level 5.0 Fighting
 - Level 12.9 Maces & Flails
 - Level 3.3 Armour
 - Level 3.7 Dodging
 - Level 2.0 Spellcasting
 - Level 11.0 Conjurations
 + Level 6.7 Hexes
 + Level 6.7 Summonings
 + Level 6.7 Fire Magic


You had 13 spell levels left.
You knew the following spells:

 Your Spells              Type           Power      Damage    Failure   Level
a - Kiss of Death         Conj/Necr      100%       2d13      1%          1
z - Searing Ray           Conj           100%       2d8       1%          2

Your spell library contained the following spells:

 Spells                   Type           Power      Damage    Failure   Level
 Magic Dart               Conj           100%       1d8       1%          1
 Dazzling Flash           Conj/Hex       90%        N/A       1%          3
 Momentum Strike          Conj/Tloc      56%        3d9       2%          2
 Tukima's Dance           Hex            34%        N/A       2%          3
 Fulminant Prism          Conj/Hex       22%        3d12      3%          4
 Hailstorm                Conj/Ice       28%        3d8       4%          3
 Iskenderun's Battlesphe  Conj           53%        2d10      4%          5
 Fireball                 Conj/Fire      22%        3d10      11%         5
 Brom's Barrelling Bould  Conj/Erth      28%        2d5       16%         4
 Ozocubu's Armour         Ice            2%         N/A       41%         3
 Silence                  Hex/Air        9%         N/A       71%         5
 Yara's Violent Unravell  Hex/Tmut       9%         3d6       71%         5
 Orb of Destruction       Conj           26%        9d9       80%         7
 Passage of Golubria      Tloc           2%         N/A       82%         4
 Conjure Ball Lightning   Conj/Air       14%        3x3d6     93%         6
 Agony                    Necr           2%         N/A       99%         5
 Ozocubu's Refrigeration  Ice            1%         4d7       100%        7


Dungeon Overview and Level Annotations

Branches:
Dungeon (13/15)            Temple (1/1) D:6            Lair (0/5) D:8
    Orc (0/2) D:12          Sewer (visited)          Bailey (visited)
 Vaults: D:13-14

Altars:
Cheibriados
Dithmenos
Elyvilon
Fedhas
Gozag
Hepliaklqana
Makhleb
Nemelex Xobeh
Okawaru
Qazlal
Ru
Sif Muna
Trog
Uskayaw
Vehumet
Wu Jian
Xom
Yredelemnul
Zin

Shops:
D:3 *

Annotations:
D:6 2 transporters
D:7 1 runed translucent door, Crazy Yiuf
D:9 Gastronok
D:13 1 exclusion


Innate Abilities, Weirdness & Mutations

You are missing a hand.
Your skin changes colour to match your surroundings (Stealth+).
Your mind is acute. (Int +4, Str/Dex -1)


Message History

The human shoots a bolt.
The bolt closely misses you.
The human shoots a bolt.
The bolt completely misses you.
The yaktaur shoots a bolt.
The bolt hits you!
The yaktaur shoots a bolt.
The bolt closely misses you.
The human shoots a bolt.
The bolt closely misses you.
The yaktaur shoots a bolt.
The bolt misses you.
The human shoots a bolt.
The bolt closely misses you.
The yaktaur shoots a bolt.
The bolt misses you.
The human shoots a bolt.
The bolt completely misses you.
The human shoots a bolt.
The bolt completely misses you.
The human shoots a bolt.
The bolt closely misses you.
The yaktaur shoots a bolt.
The bolt closely misses you.
The human shoots a bolt.
The bolt misses you.
The yaktaur shoots a bolt.
The bolt hits you.
The human shoots a bolt.
The bolt completely misses you.
The human shoots a bolt.
The bolt barely misses you.
The yaktaur shoots a bolt.
The bolt hits you!
The human shoots a bolt.
The bolt completely misses you.
The yaktaur shoots a bolt.
The bolt misses you.
The yaktaur shoots a bolt.
The bolt barely misses you.
The yaktaur shoots a bolt.
The bolt hits you.
The human shoots a bolt.
The bolt completely misses you.
You redirect the yaktaur's attack!
The yaktaur shoots a bolt.
The bolt barely misses the human.
The human shoots a bolt.
The bolt completely misses you.
The yaktaur shouts!
The human shoots a bolt.
The bolt completely misses you.
The human shoots a bolt.
The bolt misses you.
The human shoots a bolt.
The bolt completely misses you.
The human shoots a bolt.
The bolt hits you!
The yaktaur shoots a bolt.
The bolt hits you!
* * * LOW HITPOINT WARNING * * *
The human shoots a bolt.
The bolt misses you.
The yaktaur shoots a bolt.
The bolt hits you!
* * * LOW HITPOINT WARNING * * *
The human shoots a bolt.
The bolt completely misses you.
The yaktaur shoots a bolt.
The bolt misses you.
The human shoots a bolt.
The bolt completely misses you.
The yaktaur shoots a bolt.
The bolt hits you!!
You die...

[...............(................
###########################......
# #...### # ##...# # #....# #
#####.....###
###################..............
...................~~~~.....~~~~.
................@.~≈≈≈~~...~≈≈≈≈~
################.~≈≈≈≈≈~...~≈≈≈≈≈
#.≈≈≈≈≈≈~...~≈≈≈≈≈
####pc###+++###.e#
################# ..# #..
................# .# #.
################# # #.


You could see a yaktaur and a human.

Vanquished Creatures
  2 two-headed ogres
  Urug (D:13)
  An orc knight (Bailey)
  2 deep elf pyromancers (D:13)
  2 ugly things (D:12)
  4 manticores
  A cyclops (D:11)
  Maurice (D:7)
  Joseph (D:8)
  2 unseen horrors (D:12)
  5 gargoyles
  2 komodo dragons
  A kobold demonologist (D:12)
  2 trolls
  A hornet (D:10)
  25 slime creatures
  2 shadows (D:12)
  4 wyverns
  4 yaks (D:7)
  A basilisk (D:12)
  5 vampire mosquitoes
  Grum (D:10)
  2 acid dragons
  5 water moccasins
  Duvessa (D:5)
  10 orc warriors
  A black bear (D:6)
  An ice beast (D:7)
  An ogre (D:7)
  2 centaurs
  4 wolves (D:10)
  2 phantoms (D:5)
  2 kobold brigands
  2 bullfrogs (D:7)
  3 scorpions
  3 wights (D:7)
  Dowan (D:5)
  5 killer bees (D:10)
  6 howler monkeys
  3 hounds
  2 jellies
  4 orc priests
  A sleepcap (D:7)
  3 iguanas
  9 orc wizards
  16 adders
  4 river rats (D:4)
  A shadow imp (D:5)
  2 white imps
  4 ufetubi
  3 worms
  61 orcs
  4 bats
  10 endoplasms
  3 giant cockroaches
  11 goblins
  9 hobgoblins
  3 jackals
  23 kobolds
  2 quokkas
  11 ball pythons
  4 frilled lizards
  12 rats
326 creatures vanquished.

Vanquished Creatures (collateral kills)
  Prince Ribbit (D:7)
  A basilisk (D:8)
  A scorpion (D:8)
  A wight (D:7)
  A shadow imp (D:7)
5 creatures vanquished.

Vanquished Creatures (others)
  A sky beast (D:7)
  An orc wizard (D:5)
  An orc (D:5)
3 creatures vanquished.

Grand Total: 334 creatures vanquished

Notes
Turn   | Place    | Note
-------+----------+-------------------------------------------
     0 | D:1      | Armakuni the Human Reaver began the quest for the Orb.
     0 | D:1      | Reached XP level 1. HP: 16/16 MP: 3/3
   205 | D:1      | Reached XP level 2. HP: 22/22 MP: 5/5
   470 | D:1      | Reached skill level 4 in Maces & Flails
   470 | D:1      | Reached XP level 3. HP: 26/27 MP: 6/6
   669 | D:1      | Found a faded altar of an unknown god.
  1017 | D:2      | Reached XP level 4. HP: 20/31 MP: 7/7
  1417 | D:2      | Reached skill level 5 in Maces & Flails
  1650 | D:2      | Reached XP level 5. HP: 30/34 MP: 8/8
  1955 | D:3      | Found a glowing silver altar of Zin.
  2079 | D:3      | Reached skill level 1 in Armour
  2097 | D:3      | Found a radiant altar of Vehumet.
  2248 | D:3      | Found Mioshrue's General Store.
  2257 | D:3      | Bought a scroll of teleportation for 42 gold pieces
  2257 | D:3      | Bought a scroll of identify for 28 gold pieces
  2257 | D:3      | Bought a scroll of identify for 28 gold pieces
  2288 | D:3      | Found a stormy altar of Qazlal.
  2582 | D:3      | Reached XP level 6. HP: 42/44 MP: 9/9
  3353 | D:4      | Found a glowing drain.
  3360 | Sewer    | Entered a sewer
  3507 | Sewer    | Reached XP level 7. HP: 46/54 MP: 10/10
  3553 | Sewer    | Found a white marble altar of Elyvilon.
  4144 | D:5      | Entered Level 5 of the Dungeon
  4146 | D:5      | Noticed a water moccasin
  4168 | D:5      | Killed a water moccasin
  4279 | D:5      | Reached skill level 5 in Fighting
  4334 | D:5      | Identified the +0 falchion of the Hero {freeze, Will+ Dex+3
                  | Stlth+}
  4351 | D:5      | Reached skill level 6 in Maces & Flails
  4626 | D:5      | Reached XP level 8. HP: 56/62 MP: 11/11
  4671 | D:5      | Reached skill level 7 in Maces & Flails
  4852 | D:5      | Noticed Duvessa
  4857 | D:5      | Noticed Dowan
  5087 | D:5      | Killed Duvessa
  5088 | D:5      | Reached skill level 8 in Maces & Flails
  5097 | D:5      | Killed Dowan
  5496 | D:6      | Found a hazy altar of Hepliaklqana.
  5619 | D:6      | Found a transporter.
  5781 | D:6      | Found a staircase to the Ecumenical Temple.
  5831 | Temple   | Entered the Ecumenical Temple
  5844 | Temple   | Became a worshipper of Ru the Awakened
  5947 | D:6      | Found a transporter.
  6223 | D:7      | Reached skill level 9 in Maces & Flails
  6228 | D:7      | Found a bloodstained altar of Trog.
  6236 | D:7      | Reached XP level 9. HP: 59/68 MP: 12/12
  6245 | D:7      | Learned a level 2 spell: Searing Ray
  6450 | D:7      | Noticed Prince Ribbit
  6465 | D:7      | Killed Prince Ribbit
  6487 | D:7      | Reached skill level 10 in Maces & Flails
  6845 | D:7      | Reached skill level 5 in Conjurations
  7088 | D:7      | HP: 2/68 [orc/+0 whip of venom (4)]
  7562 | D:7      | Found a runed translucent door.
  7563 | D:7      | Noticed Crazy Yiuf
  8181 | D:8      | Reached XP level 10. HP: 58/74 MP: 13/13
  8243 | D:8      | Noticed Joseph
  8247 | D:8      | Found an ornate altar of the Wu Jian Council.
  8262 | D:8      | Gained mutation: You are missing a hand. [Ru sacrifice]
  8262 | D:8      | Reached * piety under Ru
  8262 | D:8      | Reached ** piety under Ru
  8262 | D:8      | Reached *** piety under Ru
  8314 | D:8      | Reached skill level 11 in Maces & Flails
  8527 | D:8      | Noticed a two-headed ogre
  8569 | D:8      | Noticed Maurice
  9007 | D:7      | Maurice stole a +0 flail
  9009 | D:7      | Maurice stole 318 gold
  9035 | D:7      | Killed Maurice
  9354 | D:7      | Gained mutation: Your skin changes colour to match your
                  | surroundings (Stealth+). [potion of mutation]
  9354 | D:7      | Gained mutation: Your mind is acute. (Int +4, Str/Dex -1)
                  | [potion of mutation]
  9528 | D:8      | Found a staircase to the Lair.
  9576 | D:8      | Killed Joseph
  9577 | D:8      | Reached skill level 12 in Maces & Flails
  9971 | D:9      | You fall into a shaft and drop 1 floor!
  9971 | D:10     | Entered Level 10 of the Dungeon
  9981 | D:10     | Paralysed by a hornet for 1 turns
 10105 | D:9      | Noticed Gastronok
 10106 | D:9      | Found a shimmering altar of Xom.
 10393 | D:10     | Found a flagged portal.
 10408 | Bailey   | Entered a bailey
 10498 | Bailey   | Reached XP level 11. HP: 79/79 MP: 7/14
 10588 | Bailey   | Noticed an orc knight
 10602 | Bailey   | Killed an orc knight
 10719 | Bailey   | Reached skill level 10 in Conjurations
 11466 | D:10     | Noticed Grum
 11489 | D:10     | Killed Grum
 11678 | D:10     | Identified a scroll of acquirement
 11679 | D:10     | Acquired a +2 eveningstar of draining
 11925 | D:11     | Noticed a manticore
 11940 | D:11     | Killed a manticore
 11985 | D:11     | Identified the +1 leather armour "Loaschi" {rN+ Regen+
                  | Int-3 Dex+4}
 12084 | D:11     | Noticed a two-headed ogre
 12098 | D:11     | Killed a two-headed ogre
 12160 | D:11     | Noticed a cyclops
 12175 | D:11     | Killed a cyclops
 12207 | D:11     | Noticed a manticore
 12237 | D:11     | Killed a manticore
 12238 | D:11     | Reached skill level 1 in Hexes
 12238 | D:11     | Reached skill level 1 in Summonings
 12238 | D:11     | Reached skill level 1 in Fire Magic
 12981 | D:12     | Reached XP level 12. HP: 66/86 MP: 15/15
 13327 | D:12     | Found a staircase to the Orcish Mines.
 13509 | D:12     | Noticed a soul eater
 14139 | D:13     | Noticed a skeletal warrior
 14139 | D:13     | Noticed a skeletal warrior
 14151 | D:12     | Reached skill level 5 in Hexes
 14151 | D:12     | Reached skill level 5 in Summonings
 14151 | D:12     | Reached skill level 5 in Fire Magic
 14252 | D:13     | Noticed a two-headed ogre
 14269 | D:13     | Killed a two-headed ogre
 14477 | D:13     | Noticed Urug
 14486 | D:13     | Killed Urug
 14591 | D:13     | Noticed a deep elf knight
 14782 | D:13     | Reached XP level 13. HP: 91/91 MP: 16/16
 15551 | D:13     | Noticed a vault guard
 15597 | D:13     | Shot with a bolt by a yaktaur

Illustrated notes

Levels and vault maps discovered:
D:1:      giann_bridges, layout_basic, hellmonk_ecumenical_altar_prayer_group
D:2:      minmay_spotlight, layout_rooms
D:3:      layout_loops_ring, nicolae_vehumet_altar_sigil,
          mainiacjoe_overflow_paths, lemuel_tele_altar, serial_shops,
          nicolae_shop_competitors_out_of_business
D:4:      layout_loops_ring, lightli_sewer_entry_pipes
D:5:      layout_loops_ring, nicolae_zig_zag_zippers, uniq_duvessa
D:6:      gammafunk_cloud_chamber, layout_cave_pools, kennysheep_mini_moat,
          temple_hall, grunt_decor_junction
D:7:      layout_loops_ring, nicolae_overflow_crystal_walls,
          minmay_a_box_with_orc_wizards_in_it, uniq_prince_ribbit1,
          uniq_crazy_yiuf_cottage
D:8:      layout_rooms, mainiacjoe_overflow_alcove_1,
          amethyst_overflow_temple_binary, minmay_lair_entry_grove,
          uniq_maurice, uniq_joseph
D:9:      gammafunk_boulding_lane, layout_loops_ring, kiku_gazebo_garden_becter,
          lemuel_crystal_altar, uniq_gastronok
D:10:     layout_roguey, enter_bailey_4, nicolae_the_louvre, uniq_snorg,
          uniq_grum
D:11:     layout_cross
D:12:     layout_loops_ring, david_orc_3, minmay_misc_feat_cross
D:13:     layout_long_grid, grunt_vaults_entry_fortified, uniq_urug
Temple:   nicolae_temple_bog_church

Skill      XL: |  1  2  3  4  5  6  7  8  9 10 11 12 |
---------------+-------------------------------------+-----
Maces & Flails | 4 5 6 9 10 12 | 12.9
Armour         | 2 3 |  3.3
Dodging        | 3 |  3.7
Fighting       | 4 5 |  5.0
Conjurations   | 6 9 11 | 11.0
Hexes          | 2 6 |  6.7
Summonings     | 2 6 |  6.7
Fire Magic     | 2 6 |  6.7
Spellcasting   | |  2.0

Action                     |  1- 3 |  4- 6 |  7- 9 | 10-12 | 13-15 || total
---------------------------+-------+-------+-------+-------+-------++-------
  Melee: Mace              |   115 |    23 |       |       |       ||   138
         Punch             |     2 |     3 |     4 |       |       ||     9
         Flail             |       |   219 |   183 |    19 |       ||   421
         Dagger            |       |    50 |    95 |       |       ||   145
         Whip              |       |       |    39 |   217 |       ||   256
         Unarmed           |       |       |       |    13 |       ||    13
         Eveningstar       |       |       |       |   223 |    63 ||   286
  Throw: Dart              |       |       |       |     8 |       ||     8
   Cast: Kiss of Death     |     1 |     1 |       |       |       ||     2
         Searing Ray       |       |       |     8 |    49 |       ||    57
 Invoke: Draw Out Power    |       |       |       |     3 |       ||     3
         Sacrifice a Hand  |       |       |       |     1 |       ||     1
  Evoke: Wand              |       |     1 |    17 |    12 |       ||    30
    Use: Scroll            |     3 |    11 |     3 |    16 |     1 ||    34
         Potion            |       |     4 |     5 |     3 |     1 ||    13
   Stab: Invisible         |       |       |     6 |     7 |       ||    13
         Distracted        |       |       |     1 |     2 |     1 ||     4
         Confused          |       |       |       |     1 |       ||     1
 Armour: Leather armour    |    79 |    22 |       |       |       ||   101
         Ring mail         |       |    87 |       |       |       ||    87
         Scale mail        |       |    96 |   229 |   119 |       ||   444
         Skin              |       |       |       |    27 |       ||    27
         Troll leather arm |       |       |       |   218 |    55 ||   273
  Dodge: Dodged            |    71 |   141 |   163 |   333 |    77 ||   785

Table legend: (Time is in decaauts)
 A = Elapsed time spent in this place.
 B = Non-inter-level travel time spent in this place.
 C = Inter-level travel time spent in this place.
 D = Time resting spent in this place.
 E = Time spent auto-exploring this place.
 F = Levels seen in this place.
 G = Mean time per level.
                   A        B        C        D        E       F      G
               +--------+--------+--------+--------+--------+-----+--------+
         Total |  15568 |  14766 |    802 |   4135 |   5816 |  16 |  973.0 |
       Dungeon |  14529 |  13740 |    789 |   3804 |   5483 |  13 | 1117.6 |
        Temple |     28 |     15 |     13 |      0 |      0 |   1 |   28.0 |
         Sewer |    332 |    332 |      0 |     82 |    151 |   1 |  332.0 |
        Bailey |    679 |    679 |      0 |    249 |    182 |   1 |  679.0 |
               +--------+--------+--------+--------+--------+-----+--------+

Top non-repeatable levels by time:
     D:7: 2828 daAuts
    D:12: 1523 daAuts
     D:5: 1335 daAuts
     D:1: 1208 daAuts
     D:6: 1137 daAuts
    D:13: 1124 daAuts
     D:4: 1054 daAuts
    D:11: 1027 daAuts
     D:3: 918 daAuts
    D:10: 829 daAuts
     D:2: 761 daAuts
  Bailey: 679 daAuts
     D:9: 434 daAuts
     D:8: 345 daAuts
   Sewer: 332 daAuts
